[Event "Titled Tuesday Blitz October 18 Late 2022"]
[White "Rasulov, Vugar"]
[Black "Kanakaris, Georgios"]
[WhiteFideId "13402390"]
[BlackFideId "4209460"]
[WhiteElo "2509"]
[BlackElo "2291"]
[Result "0-1"]
[Round "02"]
[TimeControl "180+1"]
[Date "2022.10.18"]
[WhiteClock "0:00:20"]
[BlackClock "0:00:28"]

1. d4 Nf6 2. c4 g6 3. Nc3 Bg7 4. e4 d6 5. h3 O-O 6. Be3 Nc6 7. Nf3 e5 8. d5 Nd4 9. Nxd4 exd4 10. Bxd4 Nxe4 11. Bxg7 Re8 12. Be2 Kxg7 13. Qd4+ Qf6 14. Qxf6+ Kxf6 15. Rc1 Nxc3 16. Rxc3 b6 17. Kd2 a5 18. b3 Bd7 19. a3 Kg7 20. Re1 h5 21. h4 Re4 22. g3 Rae8 23. Re3 Rxe3 24. fxe3 f5 25. Bd3 Kf6 26. e4 fxe4 27. Rxe4 Rxe4 28. Bxe4 Bf5 29. Bg2 Ke5 30. Ke3 Bc2 31. b4 axb4 32. axb4 Bf5 33. Bf1 Bg4 34. Bd3 Bf5 35. Be2 Bh3 36. Bd1 Bf5 37. Ba4 Bb1 38. Bd7 Bf5 39. Be8 Bb1 40. Ba4 Bf5 41. Bd1 b5 42. cxb5 Kxd5 43. Be2 Ke5 44. Bc4 d5 45. Bb3 d4+ 46. Kd2 Ke4 47. Bd1 d3 48. Kc3 Ke3 49. Kc4 Kd2 50. Ba4 Kc1 51. Kc3 d2 52. Bb3 d1=Q 53. Bxd1 Kxd1 54. Kd4 Bd7 55. Kc5 Ke2 56. b6 cxb6+ 57. Kxb6 Kf3 58. Kc7 Ba4 59. Kd6 Kxg3 60. Ke5 Kxh4 0-1


[Site "https://www.chess.com"]

[Event "Titled Tuesday Blitz October 18 Late 2022"]
[White "Rengifo Blancas, Renzo Jhonathan"]
[Black "Poliakova, Varvara"]
[WhiteFideId "3807185"]
[BlackFideId "13518313"]
[WhiteElo "2058"]
[BlackElo "1938"]
[Result "0-1"]
[Round "02"]
[TimeControl "180+1"]
[Date "2022.10.19"]
[WhiteClock "0:00:16"]
[BlackClock "0:00:24"]

1. d4 e5 2. dxe5 d6 3. exd6 Bxd6 4. Nf3 Nf6 5. e3 Bg4 6. Be2 Nc6 7. O-O Qe7 8. Nd4 Nxd4 9. Bxg4 Nxc2 10. Qxc2 Nxg4 11. Qa4+ Qd7 12. Qxd7+ Kxd7 13. h3 Ne5 14. Rd1 Rad8 15. Nc3 Ke6 16. Ne4 Be7 17. Bd2 Rd3 18. Bc3 Rhd8 19. Rxd3 Rxd3 20. Kf1 f5 21. Ng3 Bf6 22. Ke2 Rd7 23. Nh5 Nc6 24. Nxf6 gxf6 25. Rd1 Rg7 26. g3 h5 27. h4 Rg4 28. a3 a5 29. Be1 a4 30. Rc1 Kd5 31. Bc3 Ke6 32. Be1 Kd6 33. f3 Rg8 34. Kf2 Ne5 35. Bb4+ Kd7 36. Rd1+ Ke6 37. Bc3 Nd7 38. Bd4 c5 39. Bc3 b5 40. Ba5 Ne5 41. Bc7 Nc4 42. e4 fxe4 43. fxe4 Rg7 44. Bf4 Rb7 45. Bc1 b4 46. axb4 cxb4 47. Rd4 Rc7 48. Bf4 Rc8 49. Ke2 b3 50. Bc1 a3 51. bxa3 b2 52. Bxb2 Nxb2 53. Rb4 Nc4 54. a4 Ne5 55. Rb6+ Kf7 56. a5 Rc2+ 57. Kd1 Ra2 58. a6 Kg6 59. Kc1 Nd3+ 60. Kb1 Ra5 61. Kc2 Nc5 62. Kc3 Rxa6 63. Rb5 Nxe4+ 64. Kd4 Nxg3 65. Ke3 Nf5+ 66. Kf4 Ra4+ 67. Kf3 Rxh4 68. Kf2 Rg4 69. Rb8 Kg5 70. Kf3 Rg3+ 71. Kf2 h4 72. Rg8+ Kf4 73. Rh8 h3 74. Ra8 Rg2+ 75. Kf1 Rd2 76. Rh8 h2 77. Ke1 Ra2 78. Kf1 Ng3+ 79. Ke1 h1=Q+ 80. Rxh1 Nxh1 81. Kd1 Ke3 82. Kc1 Kd3 83. Kb1 Rg2 84. Ka1 Kc3 85. Kb1 f5 86. Ka1 Kb3 0-1


[Site "https://www.chess.com"]

[Event "Titled Tuesday Blitz October 18 Late 2022"]
[White "Richter, Paul"]
[Black "Urazayev, Arystanbek"]
[WhiteFideId "2046350"]
[BlackFideId "13709810"]
[WhiteElo "2566"]
[BlackElo "2441"]
[Result "1-0"]
[Round "02"]
[TimeControl "180+1"]
[Date "2022.10.18"]
[WhiteClock "0:00:08"]
[BlackClock "0:00:01"]

1. e4 c5 2. Nf3 d6 3. d4 cxd4 4. Nxd4 Nf6 5. Nc3 a6 6. Be2 e6 7. Be3 Be7 8. g4 h6 9. Bf3 Nfd7 10. Qe2 Nc6 11. O-O-O Qc7 12. h4 Nde5 13. g5 Nxd4 14. Rxd4 Nxf3 15. Qxf3 h5 16. Qg3 g6 17. Bf4 Qc5 18. Rxd6 O-O 19. Rd3 b5 20. Be5 b4 21. Ne2 Qc4 22. Bd4 Qxa2 23. Qe5 f6 24. gxf6 Bxf6 25. Qg3 Kh7 26. Rg1 g5 27. Bxf6 Rxf6 28. Qxg5 Rg6 29. Qxg6+ Kh8 30. Qg7# 1-0


[Site "https://www.chess.com"]

[Event "Titled Tuesday Blitz October 18 Late 2022"]
[White "Riehle, Marco"]
[Black "Ventura Bolet, Maxim"]
[WhiteFideId "12904392"]
[BlackFideId "22238824"]
[WhiteElo "2740"]
[BlackElo "2464"]
[Result "1-0"]
[Round "02"]
[TimeControl "180+1"]
[Date "2022.10.19"]
[WhiteClock "0:01:38"]
[BlackClock "0:00:15"]

1. e4 c5 2. a3 g6 3. h4 h5 4. Nc3 Bg7 5. Bc4 Nc6 6. d3 e6 7. Bg5 Nge7 8. Qd2 f6 9. Bf4 d5 10. Ba2 Nd4 11. Nge2 Nxe2 12. Qxe2 b6 13. exd5 exd5 14. Nxd5 Bg4 15. f3 Rc8 16. fxg4 Kf8 17. Nxe7 Qxe7 18. Qxe7+ Kxe7 19. g5 fxg5 20. Bxg5+ Kd7 21. O-O-O Rce8 22. Rde1 Be5 23. Rhf1 Bg3 24. Rxe8 Rxe8 25. Kd2 b5 26. Rf7+ Kc6 27. Rf6+ Kc7 28. Rxg6 Be1+ 29. Kd1 Ba5 30. Bd2 Bb6 31. Bf4+ Kb7 32. Bd5+ Ka6 33. Rg7 c4 34. dxc4 Rd8 35. cxb5+ Ka5 36. c4 Ka4 37. Kc2 Re8 38. b3+ Kxa3 39. Bd6+ Ka2 40. c5 Re2+ 41. Kd3 Re1 42. cxb6 Rd1+ 43. Ke4 Re1+ 44. Kf5 axb6 45. Rb7 1-0


[Site "https://www.chess.com"]

[Event "Titled Tuesday Blitz October 18 Late 2022"]
[White "Roque Sola, Jose Luis"]
[Black "Jaferian, Koosha"]
[WhiteFideId "5120390"]
[BlackFideId "12507440"]
[WhiteElo "2117"]
[BlackElo "2127"]
[Result "0-1"]
[Round "02"]
[TimeControl "180+1"]
[Date "2022.10.19"]
[WhiteClock "0:00:01"]
[BlackClock "0:01:00"]

1. c4 c5 2. Nc3 Nc6 3. Nf3 g6 4. g3 Bg7 5. Bg2 e5 6. d3 d6 7. a3 Nge7 8. O-O O-O 9. Rb1 a5 10. Nd2 Be6 11. Nd5 Rb8 12. b3 b5 13. Nxe7+ Nxe7 14. cxb5 Rxb5 15. Nc4 d5 16. a4 Rb8 17. Na3 Nc6 18. Nb5 Qb6 19. Bd2 Na7 20. Nxa7 Qxa7 21. Qc1 Rfc8 22. Bh6 Bh8 23. Qd2 Rb4 24. h4 Qb6 25. h5 Rb8 26. hxg6 hxg6 27. Qg5 Rxb3 28. Rxb3 Qxb3 29. Qe7 Qb6 30. Kh2 Bg7 31. Bxg7 Kxg7 32. Qg5 f6 33. Qe3 c4 34. dxc4 Qxe3 35. fxe3 dxc4 36. Rc1 Rb4 37. Rd1 Rxa4 38. Rd6 Kf7 39. Bc6 Ra3 40. e4 Re3 41. Rd8 Rxe2+ 42. Kg1 c3 43. Be8+ Ke7 0-1


[Site "https://www.chess.com"]

[Event "Titled Tuesday Blitz October 18 Late 2022"]
[White "Rostomyan, Mikayel"]
[Black "P., Komal Kishore"]
[WhiteFideId "13313754"]
[BlackFideId "5016703"]
[WhiteElo "2018"]
[BlackElo "2109"]
[Result "1-0"]
[Round "02"]
[TimeControl "180+1"]
[Date "2022.10.19"]
[WhiteClock "0:01:13"]
[BlackClock "0:00:20"]

1. d4 d5 2. Nf3 Nf6 3. c4 c6 4. e3 e6 5. b3 Bb4+ 6. Nbd2 O-O 7. Bd3 Ne4 8. O-O f5 9. Bb2 Nd7 10. a3 Be7 11. Ne5 Ndf6 12. f3 Nxd2 13. Qxd2 Bd7 14. Rae1 Be8 15. e4 fxe4 16. fxe4 Nxe4 17. Rxf8+ Bxf8 18. Bxe4 dxe4 19. Rxe4 Be7 20. Nf3 Bf7 21. Ne5 Be8 22. Ng4 Bf7 23. Qc3 Qf8 24. d5 Bc5+ 25. Kh1 Bg6 26. Rf4 Qe7 27. Nh6+ Kh8 28. Nf7+ 1-0


[Site "https://www.chess.com"]

[Event "Titled Tuesday Blitz October 18 Late 2022"]
[White "Rustemov, Alexander"]
[Black "Cruz, William Ferreira Da"]
[WhiteFideId "4119002"]
[BlackFideId "2118050"]
[WhiteElo "2753"]
[BlackElo "2509"]
[Result "1-0"]
[Round "02"]
[TimeControl "180+1"]
[Date "2022.10.19"]
[WhiteClock "0:00:26"]
[BlackClock "0:00:09"]

1. d4 Nf6 2. c4 g6 3. Nf3 Bg7 4. g3 O-O 5. Bg2 d6 6. Nc3 Nbd7 7. O-O e5 8. e4 exd4 9. Nxd4 Re8 10. h3 Nc5 11. Re1 Bd7 12. Rb1 a5 13. b3 h6 14. Kh2 h5 15. f3 c6 16. Be3 Qc7 17. Qd2 Kh7 18. Bf4 Rad8 19. Rbd1 h4 20. g4 Ng8 21. Qf2 Be5 22. Qxh4+ Kg7 23. Qg3 Ne6 24. Nxe6+ Bxe6 25. Ne2 c5 26. h4 Ne7 27. Kg1 Nc6 28. Rd2 a4 29. Red1 axb3 30. axb3 b5 31. cxb5 Nd4 32. Nxd4 Bxd4+ 33. Rxd4 cxd4 34. Rxd4 Bxb3 35. Bf1 Qb6 36. Qf2 d5 37. exd5 Rxd5 38. Rxd5 Qxf2+ 39. Kxf2 Bxd5 40. b6 Bb7 41. Bd3 Re6 42. Bc7 f6 43. g5 fxg5 44. hxg5 Re7 45. f4 Rf7 46. Ke3 Re7+ 47. Be5+ Kh7 48. Be4 Bxe4 49. Kxe4 Rb7 50. Bc7 Kg8 51. Kd5 1-0


[Site "https://www.chess.com"]

[Event "Titled Tuesday Blitz October 18 Late 2022"]
[White "Sailer, Mike"]
[Black "Vujic, Mihailo"]
[WhiteFideId "2012901"]
[BlackFideId "918873"]
[WhiteElo "2109"]
[BlackElo "2256"]
[Result "1/2-1/2"]
[Round "02"]
[TimeControl "180+1"]
[Date "2022.10.19"]
[WhiteClock "0:00:06"]
[BlackClock "0:00:03"]

1. d4 d5 2. Bf4 Nc6 3. Nc3 e6 4. Nb5 Bd6 5. Nxd6+ cxd6 6. e3 e5 7. Bg3 Qb6 8. Rb1 Nf6 9. Nf3 O-O 10. Be2 Re8 11. O-O Ne4 12. Bh4 exd4 13. exd4 Bg4 14. c3 Re6 15. Re1 Rae8 16. Kf1 f6 17. h3 Bxf3 18. Bxf3 Qa6+ 19. Kg1 Qxa2 20. Bxe4 Rxe4 21. Rxe4 Rxe4 22. Bg3 Na5 23. Bxd6 Nc4 24. Ra1 Nxb2 25. Rxa2 Nxd1 26. Rxa7 Nxc3 27. Rxb7 Ne2+ 28. Kh2 Nxd4 29. Rd7 Nf5 30. Bc5 d4 31. g4 Re5 32. Bxd4 Nxd4 33. Rxd4 Kf7 34. Kg2 Re7 35. Rc4 h6 36. Rc3 Rd7 37. Rb3 Ke6 38. Ra3 Rd5 39. Ra6+ Rd6 40. Ra7 Rd7 41. Ra6+ Kf7 42. Rb6 Rd5 43. Ra6 Kg6 44. Rb6 h5 45. gxh5+ Rxh5 46. Rb7 Rd5 47. Ra7 Rg5+ 48. Kh2 Kf5 49. Ra5+ Kf4 50. Rxg5 Kxg5 51. Kg3 Kf5 52. Kf3 g5 53. Ke3 Kg6 54. Kf3 Kh5 55. Kg3 f5 56. f4 g4 57. hxg4+ fxg4 58. Kg2 Kg6 59. Kf2 Kf6 60. Kg2 Ke6 61. Kf2 Kf6 62. Kg2 Kg6 63. Kf2 Kf6 1/2-1/2


[Site "https://www.chess.com"]

[Event "Titled Tuesday Blitz October 18 Late 2022"]
[White "Schut, Han"]
[Black "Hajiyev, Kanan"]
[WhiteFideId "1005561"]
[BlackFideId "13404148"]
[WhiteElo "2024"]
[BlackElo "2118"]
[Result "0-1"]
[Round "02"]
[TimeControl "180+1"]
[Date "2022.10.19"]
[WhiteClock "0:00:14"]
[BlackClock "0:00:09"]

1. e4 c6 2. d4 d5 3. e5 a6 4. f4 Nh6 5. Nf3 Bg4 6. Bd3 e6 7. c3 c5 8. Be3 Qb6 9. dxc5 Qxb2 10. Nbd2 Qxc3 11. Qb1 Bxf3 12. gxf3 Bxc5 13. Bxc5 Qxc5 14. Qxb7 Qc6 15. Qb4 a5 16. Qa3 f6 17. Rc1 Qd7 18. Qc5 Kf7 19. Bb5 Qe7 20. Qxe7+ Kxe7 21. Rc7+ Kd8 22. Rxg7 Nf5 23. Rf7 fxe5 24. fxe5 Ne7 25. Rg1 Nbc6 26. Rgg7 Rb8 27. Bxc6 Nxc6 28. Rxh7 Rxh7 29. Rxh7 Rb2 30. f4 Rxa2 31. h4 a4 32. h5 a3 33. h6 Nd4 34. Rh8+ Ke7 35. h7 Ra1+ 36. Kf2 Rh1 37. Ra8 a2 38. Rxa2 Nc6 39. Rc2 Kd7 40. Nf3 Rxh7 41. Ng5 Rh2+ 0-1


[Site "https://www.chess.com"]

[Event "Titled Tuesday Blitz October 18 Late 2022"]
[White "Sernecki, Franciszek"]
[Black "Alexikov, Alexander"]
[WhiteFideId "1169297"]
[BlackFideId "14103958"]
[WhiteElo "2209"]
[BlackElo "2222"]
[Result "1/2-1/2"]
[Round "02"]
[TimeControl "180+1"]
[Date "2022.10.19"]
[WhiteClock "0:01:21"]
[BlackClock "0:00:19"]

1. c4 Nf6 2. Nc3 g6 3. e4 d6 4. g3 Bg7 5. Bg2 O-O 6. Nge2 c5 7. O-O Nc6 8. d3 Bd7 9. a3 Qc8 10. Rb1 Bh3 11. b4 Bxg2 12. Kxg2 b6 13. Nd5 e6 14. Nxf6+ Bxf6 15. Bb2 Bxb2 16. Rxb2 e5 17. Nc3 f5 18. f4 exf4 19. Rxf4 Nd4 20. Rbf2 Qb7 21. Nd5 Kg7 22. Qd2 Rf7 23. exf5 Rxf5 24. Rxf5 Nxf5 25. Qf4 h5 26. Qe4 Rf8 27. Nf4 Qxe4+ 28. dxe4 Ne3+ 29. Kh3 Re8 30. Nd5 Nxc4 31. Re2 Re5 32. Nf4 Nxa3 33. Nd3 Re7 34. bxc5 bxc5 35. e5 Nc4 36. exd6 Rd7 37. Nxc5 Rxd6 38. Re7+ Kh6 39. Rxa7 Ne3 40. Ra8 g5 41. g4 Nxg4 42. Ra6 Rxa6 43. Nxa6 Kg6 44. Kg3 Kf5 45. h4 Ne5 46. hxg5 Kxg5 47. Nc5 h4+ 48. Kh3 Kh5 49. Ne4 Ng6 50. Kh2 Nf4 51. Nf2 Kg5 52. Nh1 Kg4 53. Nf2+ Kf3 54. Nd1 Ke2 55. Nc3+ Kf3 56. Nd1 Kg4 57. Ne3+ Kh5 58. Ng2 Ne2 59. Nxh4 1/2-1/2


[Site "https://www.chess.com"]

[Event "Titled Tuesday Blitz October 18 Late 2022"]
[White "Shapiro, Daniel"]
[Black "Ladan, Nicholas"]
[WhiteFideId "2001780"]
[BlackFideId "30918855"]
[WhiteElo "2198"]
[BlackElo "2167"]
[Result "1-0"]
[Round "02"]
[TimeControl "180+1"]
[Date "2022.10.19"]
[WhiteClock "0:00:24"]
[BlackClock "0:00:08"]

1. d4 d5 2. c4 e6 3. Nf3 Nf6 4. g3 Bb4+ 5. Nc3 O-O 6. Bg2 Ne4 7. Qc2 b6 8. cxd5 exd5 9. O-O Nxc3 10. bxc3 Be7 11. Bf4 Bb7 12. Ne5 Nd7 13. c4 Nxe5 14. dxe5 Rb8 15. cxd5 Bc5 16. Rfd1 Re8 17. h4 a5 18. Be4 g6 19. h5 Qd7 20. Kg2 Qg4 21. f3 Qd7 22. hxg6 hxg6 23. Bg5 Bf8 24. Bf6 Bg7 25. Bxg6 fxg6 26. Qxg6 Qf7 27. Qg5 Rbd8 28. Rd4 Rd7 29. Rg4 Kf8 30. e6 Qxf6 31. Rf4 Ke7 32. Rxf6 Bxf6 33. Qg6 Rxd5 34. Qf7+ Kd8 35. Qxf6+ Kc8 36. Rc1 c5 37. e7 Kc7 38. Rb1 Bc6 39. e4 Rd7 40. Qf4+ Kb7 41. Qe5 1-0


[Site "https://www.chess.com"]

[Event "Titled Tuesday Blitz October 18 Late 2022"]
[White "Shuvalov, Evgenij"]
[Black "Yanchenko, Roman"]
[WhiteFideId "4187237"]
[BlackFideId "4137329"]
[WhiteElo "2531"]
[BlackElo "2778"]
[Result "0-1"]
[Round "02"]
[TimeControl "180+1"]
[Date "2022.10.19"]
[WhiteClock "0:00:44"]
[BlackClock "0:01:11"]

1. d4 d5 2. c4 c6 3. Nf3 Bf5 4. cxd5 cxd5 5. Nc3 e6 6. Qb3 Qb6 7. Qxb6 axb6 8. e3 Nc6 9. Bb5 f6 10. Bd2 Bd6 11. Ke2 Ne7 12. Rhc1 g5 13. h3 h5 14. Ne1 Kf7 15. Nd3 Na7 16. Ba4 g4 17. h4 g3 18. f3 Ng6 19. Rh1 Rhc8 20. Bb3 Nc6 21. Nb5 Be7 22. Be1 Na5 23. Bd1 Nc4 24. Bc3 Bf8 25. Bb3 Na5 26. Bc2 Kg7 27. Rac1 Nc6 28. Bb1 Be7 29. Be1 Na5 30. Bxg3 Nc4 31. b3 Na3 32. Rxc8 Rxc8 33. Kd2 Nxb5 0-1


[Site "https://www.chess.com"]

[Event "Titled Tuesday Blitz October 18 Late 2022"]
[White "Sliwicki, Damian"]
[Black "Ozates, Tuna"]
[WhiteFideId "1127128"]
[BlackFideId "6354521"]
[WhiteElo "2058"]
[BlackElo "2151"]
[Result "0-1"]
[Round "02"]
[TimeControl "180+1"]
[Date "2022.10.19"]
[WhiteClock "0:00:17"]
[BlackClock "0:00:12"]

1. e4 e5 2. Nf3 Nc6 3. d4 exd4 4. Bc4 Nf6 5. O-O Nxe4 6. Nc3 dxc3 7. Bxf7+ Kxf7 8. Qd5+ Ke8 9. Re1 Ne7 10. Rxe4 c6 11. Qh5+ g6 12. Qe5 Rg8 13. Bg5 d6 14. Qf6 Bf5 15. Re3 cxb2 16. Rae1 Rg7 17. Bh6 Rf7 18. Qh8 Qd7 19. Rxe7+ Qxe7 20. Rxe7+ Rxe7 21. Qxb2 Bxh6 22. h3 b6 23. g4 Bg7 24. Qa3 Be4 25. Nd2 c5 26. Qa4+ b5 27. Qxb5+ Kf8 28. Nxe4 Rxe4 29. Qc6 Re1+ 30. Kg2 Rd8 31. Qc7 Ree8 32. Qxa7 Kg8 33. Qc7 Be5 34. a4 Rc8 35. Qd7 Rcd8 36. Qc6 Re7 37. a5 Ra7 38. a6 Rda8 39. Qe4 Rxa6 40. f4 Bg7 41. Qe6+ Kh8 42. c4 Rd8 43. f5 Ra2+ 44. Kf3 Ra3+ 45. Ke4 Bd4 46. Kd5 Ra7 47. f6 Rf8 48. g5 Be5 49. h4 Raf7 50. Qg4 Kg8 51. Qe6 Kh8 52. Qg4 Kg8 53. h5 gxh5 54. Qxh5 Rd7 55. Qh6 Rdf7 56. Ke6 Re8+ 57. Kf5 Kh8 58. Kg4 Rg8 59. Kh5 Rg6 60. Qxg6 hxg6+ 61. Kxg6 Kg8 62. Kh6 Bxf6 63. Kg6 Bxg5 64. Kxg5 Kg7 65. Kh5 Rf4 66. Kg5 Rxc4 67. Kh5 Rd4 68. Kg5 c4 69. Kh5 c3 70. Kg5 c2 71. Kh5 Rd5+ 72. Kg4 c1=Q 73. Kf3 Qc3+ 74. Ke4 Rd4+ 75. Kf5 Qf3+ 76. Ke6 Qf6+ 77. Kd7 d5 78. Ke8 Ra4 79. Kd7 Ra7+ 80. Kc8 Qf8# 0-1


[Site "https://www.chess.com"]

[Event "Titled Tuesday Blitz October 18 Late 2022"]
[White "Storey, Charles H"]
[Black "Iliaguev, Nisim"]
[WhiteFideId "406686"]
[BlackFideId "2817276"]
[WhiteElo "2447"]
[BlackElo "2740"]
[Result "1-0"]
[Round "02"]
[TimeControl "180+1"]
[Date "2022.10.19"]
[WhiteClock "0:00:35"]
[BlackClock "0:00:16"]

1. c4 e5 2. g3 Nf6 3. Bg2 Bc5 4. d3 c6 5. Nc3 O-O 6. Nf3 Re8 7. O-O d6 8. Na4 Nbd7 9. Nxc5 Nxc5 10. b4 Ne6 11. Bb2 a5 12. b5 cxb5 13. cxb5 a4 14. Ba3 Qb6 15. Rb1 Nc5 16. Nd2 Be6 17. Nc4 Bxc4 18. dxc4 e4 19. Qd4 Rad8 20. Rfd1 h5 21. e3 Ng4 22. Bb2 Ne5 23. Bxe4 a3 24. Ba1 Qc7 25. Bd5 Ne6 26. Qh4 g6 27. Qf6 Qe7 28. Bxe5 dxe5 29. Qxe7 Rxe7 30. Bxe6 Rxd1+ 31. Rxd1 Rxe6 32. Rd3 e4 33. Rxa3 b6 34. Ra6 Rd6 35. Kg2 g5 36. a4 h4 37. a5 g4 38. gxh4 f5 39. axb6 f4 40. exf4 Rd2 41. b7 1-0


[Site "https://www.chess.com"]

[Event "Titled Tuesday Blitz October 18 Late 2022"]
[White "Suder, Jakub"]
[Black "Ovezdurdyyeva, Jemal"]
[WhiteFideId "1195310"]
[BlackFideId "14001888"]
[WhiteElo "2174"]
[BlackElo "1961"]
[Result "1/2-1/2"]
[Round "02"]
[TimeControl "180+1"]
[Date "2022.10.19"]
[WhiteClock "0:01:35"]
[BlackClock "0:00:16"]

1. d4 Nf6 2. c4 e6 3. Nc3 b6 4. a3 Bb7 5. Nf3 Be7 6. d5 O-O 7. e4 d6 8. Bd3 exd5 9. exd5 c6 10. O-O Nbd7 11. Bf4 Re8 12. dxc6 Bxc6 13. Nd4 Bb7 14. Ndb5 Nf8 15. Be2 d5 16. Bf3 Ne6 17. Bg3 a6 18. cxd5 Nxd5 19. Nxd5 axb5 20. Nxe7+ Qxe7 21. Bxb7 Qxb7 22. Qb3 Nd4 23. Qa2 b4 24. Rad1 Nb5 25. Qc4 Qa6 26. Qxb4 Re2 27. Rfe1 Rc2 28. Qe4 Rcc8 29. Rc1 h6 30. h3 Na7 31. Be5 Rxc1 32. Rxc1 Re8 33. Qd5 Qe2 34. Bc3 Nb5 35. Qd1 Nxc3 36. bxc3 Qb2 37. a4 Re2 38. Rb1 Qa2 39. Qd8+ Kh7 40. Qxb6 Rxf2 41. Qxf2 Qxb1+ 42. Kh2 Qb8+ 43. Qg3 Qa7 44. Qf4 Qc5 45. Qd4 Qa5 46. Qb4 Qe5+ 47. Kg1 Qe1+ 48. Kh2 Qe5+ 49. g3 Qe2+ 50. Kg1 Qe1+ 51. Kg2 Qe2+ 52. Kg1 Qe1+ 53. Kg2 Qe2+ 54. Kg1 1/2-1/2


[Site "https://www.chess.com"]

[Event "Titled Tuesday Blitz October 18 Late 2022"]
[White "Sukandar, Irine Kharisma"]
[Black "Rego, Pedro Filipe"]
[WhiteFideId "7101937"]
[BlackFideId "1904310"]
[WhiteElo "2301"]
[BlackElo "2200"]
[Result "0-1"]
[Round "02"]
[TimeControl "180+1"]
[Date "2022.10.19"]
[WhiteClock "0:00:44"]
[BlackClock "0:00:44"]

1. d4 Nf6 2. Bf4 d5 3. e3 c5 4. Nd2 Nc6 5. c3 Bf5 6. Qb3 Qb6 7. dxc5 Qxb3 8. Nxb3 e5 9. Bg3 Ne4 10. Nf3 f6 11. Bb5 O-O-O 12. O-O-O Nxc5 13. Nxc5 Bxc5 14. Nd2 Bb6 15. Rhe1 Bg6 16. Ba4 Ne7 17. Bc2 Nf5 18. f3 Nxe3 19. Bxg6 hxg6 20. Re2 Nxd1 21. Kxd1 d4 22. c4 d3 23. Re1 Ba5 24. Re4 Bxd2 25. Kxd2 Rd7 26. h4 Rhd8 27. Rg4 Rd4 28. Rxg6 Rxc4 29. Rxg7 Rc2+ 30. Kd1 Rxg2 31. h5 d2 32. h6 Rg1+ 0-1


[Site "https://www.chess.com"]

[Event "Titled Tuesday Blitz October 18 Late 2022"]
[White "Svicevic, Rastko"]
[Black "Mendez Fortes, Eduardo Jesus"]
[WhiteFideId "916315"]
[BlackFideId "3502376"]
[WhiteElo "2103"]
[BlackElo "2307"]
[Result "0-1"]
[Round "02"]
[TimeControl "180+1"]
[Date "2022.10.19"]
[WhiteClock "0:00:01"]
[BlackClock "0:00:18"]

1. d4 Nf6 2. Bg5 d5 3. Bxf6 exf6 4. e3 h5 5. g3 g6 6. h4 Bg7 7. Bg2 O-O 8. Ne2 c6 9. O-O f5 10. Nd2 Nd7 11. b3 Nf6 12. c4 Ne4 13. Nf4 Nxd2 14. Qxd2 dxc4 15. bxc4 c5 16. Rad1 Qc7 17. d5 Qd6 18. Rb1 b6 19. Qc2 Bd7 20. Ne2 a6 21. Nc3 Rfb8 22. e4 Qe5 23. Rfc1 b5 24. cxb5 axb5 25. Ne2 fxe4 26. Qxc5 Rxa2 27. Nc3 Raa8 28. Nxe4 Rc8 29. Qe3 Rxc1+ 30. Rxc1 b4 31. d6 Rb8 32. Qa7 Qb5 33. Nc5 Bf5 34. d7 b3 35. Ne4 b2 36. Rc8+ Rxc8 37. dxc8=Q+ Bxc8 38. Nd2 b1=Q+ 39. Nxb1 Qxb1+ 40. Kh2 Be6 41. Qe3 Qf5 42. Bf1 Be5 43. Bg2 Kg7 44. Bf1 Qf6 45. Kg1 Bd4 46. Qe2 Bc4 47. Qe1 Bd5 48. Qd2 Be4 49. Bh3 Bb6 50. Bg2 Bxg2 51. Kxg2 Qd4 52. Qe1 Qd5+ 53. Kh2 Qf3 0-1


[Site "https://www.chess.com"]

[Event "Titled Tuesday Blitz October 18 Late 2022"]
[White "Taboas Rodriguez, Daniel"]
[Black "De Souza, Cristiano Gomes"]
[WhiteFideId "2208466"]
[BlackFideId "2151758"]
[WhiteElo "2429"]
[BlackElo "2068"]
[Result "1-0"]
[Round "02"]
[TimeControl "180+1"]
[Date "2022.10.19"]
[WhiteClock "0:02:22"]
[BlackClock "0:01:35"]

1. d4 Nf6 2. Nf3 g6 3. c4 Bg7 4. Nc3 d6 5. e4 O-O 6. Be2 e5 7. dxe5 dxe5 8. Qxd8 Rxd8 9. Bg5 Re8 10. Nd5 Nxd5 11. cxd5 c6 12. Bc4 b5 13. Bb3 a5 14. a3 a4 15. Ba2 Bb7 16. Rc1 cxd5 17. Rc7 Ba6 18. Bxd5 Nc6 19. Bxf7+ Kh8 20. Bxe8 Rxe8 21. Rxc6 Bb7 22. Rb6 Bxe4 23. O-O Bd3 24. Bf6 Bxf1 25. Kxf1 e4 26. Nd4 Bxf6 27. Rxf6 Rd8 28. Nxb5 Rd2 29. Nc3 Rxb2 30. Nxa4 Ra2 31. Nc5 Rxa3 32. Nxe4 Kg7 33. Rb6 h5 34. h4 Ra4 35. f3 Ra2 36. Rb7+ Kf8 37. Ng5 Ra4 38. g3 Ra2 39. Rf7+ Kg8 40. Re7 Rb2 41. Re2 Rb3 42. Kf2 1-0


[Site "https://www.chess.com"]

[Event "Titled Tuesday Blitz October 18 Late 2022"]
[White "Tan, Ralph"]
[Black "Jimenez Fernandez, Rebeca"]
[WhiteFideId "30966590"]
[BlackFideId "32070934"]
[WhiteElo "2059"]
[BlackElo "1946"]
[Result "1-0"]
[Round "02"]
[TimeControl "180+1"]
[Date "2022.10.19"]
[WhiteClock "0:00:59"]
[BlackClock "0:00:04"]

1. Nf3 d5 2. g3 Nf6 3. Bg2 e6 4. O-O Be7 5. d4 O-O 6. c4 dxc4 7. Ne5 c5 8. dxc5 Qc7 9. Nxc4 Qxc5 10. Qb3 Nc6 11. Be3 Nd4 12. Bxd4 Qxd4 13. Rd1 Qc5 14. Nc3 Bd7 15. Rac1 Bc6 16. e4 a5 17. Ne3 a4 18. Qc4 Qb6 19. e5 Ne8 20. Bxc6 bxc6 21. Nxa4 Qb5 22. b3 Bg5 23. f4 Bd8 24. Qxc6 Qe2 25. Qxa8 Qxe3+ 26. Kh1 Nc7 27. Qg2 Nd5 28. Re1 Qa7 29. Qf3 Ba5 30. Red1 Ne3 31. Rd3 Nf5 32. Kg2 Nd4 33. Qe4 Nf5 34. Rc5 Bb6 35. Nxb6 Qxb6 36. Rc2 Qa7 37. a4 Rb8 38. Rdc3 h6 39. g4 Nh4+ 40. Kh3 Ng6 41. f5 exf5 42. gxf5 Qd7 43. e6 fxe6 44. fxg6 e5+ 45. Qg4 Qd5 46. Rc8+ 1-0


[Site "https://www.chess.com"]

[Event "Titled Tuesday Blitz October 18 Late 2022"]
[White "Ter-Sahakyan, Samvel"]
[Black "Radovic, Janko"]
[WhiteFideId "13302531"]
[BlackFideId "911518"]
[WhiteElo "2604"]
[BlackElo "2318"]
[Result "1-0"]
[Round "02"]
[TimeControl "180+1"]
[Date "2022.10.18"]
[WhiteClock "0:00:24"]
[BlackClock "0:00:50"]

1. Nf3 d5 2. d4 Nf6 3. c4 e6 4. Nc3 Be7 5. Bf4 O-O 6. e3 c5 7. dxc5 Bxc5 8. Qc2 Nc6 9. Rd1 Re8 10. Bg5 Be7 11. a3 Qa5 12. Be2 dxc4 13. Bxc4 a6 14. O-O b5 15. Ba2 Bb7 16. Bb1 g6 17. Bxf6 Bxf6 18. Rd7 Rab8 19. Ne4 Be7 20. Rxb7 Rxb7 21. Qxc6 Rbb8 22. Rc1 Rec8 23. Qxc8+ Rxc8 24. Rxc8+ Kg7 25. Rc2 b4 26. axb4 Qxb4 27. Ned2 Bf6 28. b3 g5 29. h3 h5 30. Rc4 Qa5 31. g4 hxg4 32. hxg4 Qa1 33. Kg2 Qb2 34. Bc2 a5 35. Ne4 Kg6 36. Nexg5+ Kg7 37. Ne4 Be7 38. g5 Bb4 39. Rc7 Qc1 40. g6 Kxg6 41. Neg5+ Kh5 42. Bg6+ 1-0


[Site "https://www.chess.com"]

[Event "Titled Tuesday Blitz October 18 Late 2022"]
[White "Thiel, Thomas"]
[Black "Zeynalli, Rashad"]
[WhiteFideId "4615964"]
[BlackFideId "13403320"]
[WhiteElo "2259"]
[BlackElo "2125"]
[Result "0-1"]
[Round "02"]
[TimeControl "180+1"]
[Date "2022.10.19"]
[WhiteClock "0:00:03"]
[BlackClock "0:00:55"]

1. e4 e5 2. Nf3 Nc6 3. d4 exd4 4. Nxd4 Nf6 5. Nxc6 bxc6 6. e5 Qe7 7. Qe2 Nd5 8. h4 d6 9. c4 Nb6 10. exd6 Qxe2+ 11. Bxe2 cxd6 12. O-O Be7 13. Re1 O-O 14. c5 dxc5 15. Bf3 Bf6 16. Bxc6 Rb8 17. Nc3 Nc4 18. Nd5 Bxb2 19. Rb1 Be6 20. Bxb2 Nxb2 21. Ne7+ Kh8 22. Bd5 Bxd5 23. Nxd5 Nd3 24. Red1 Rxb1 25. Rxb1 Rd8 26. Rb7 g5 27. Nf6 Kg7 28. hxg5 Rc8 29. Ne4 c4 30. Nc3 a6 31. Rb6 Nc5 32. Rb4 Ne6 33. Rb6 Nc5 34. Rb4 Ne6 35. Rb5 axb5 0-1


[Site "https://www.chess.com"]